 Dungeon Crawl Stone Soup version 0.24-a0-358-g53aee78 (webtiles) character file.

Game seed: 4285427729974022186

33 MatthieuS the Insei (level 3, 0/17 HPs)
             Began as a Vine Stalker Transmuter on May 24, 2019.
             Succumbed to a worker ant's poison
             ... on level 2 of the Dungeon.
             The game lasted 00:02:56 (354 turns).

MatthieuS the Insei (Vine Stalker Transmuter)        Turns: 354, Time: 00:02:57

Health: 0/17       AC:  5    Str: 12    XL:     3   Next: 29%
Magic:  7/7        EV: 12    Int: 19    God:
Gold:   24         SH:  0    Dex: 14    Spells: 5/6 levels left

rFire    . . .     SeeInvis .     - Unarmed
rCold    . . .     Gourm    .   (no shield)
rNeg     . . .     Faith    .   b - +0 robe
rPois    .         Spirit   +   (no helmet)
rElec    .         Reflect  .   (no cloak)
rCorr    .         Harm     .   k - +2 pair of gloves
MR       .....                  (no boots)
Stlth    +.........             i - amulet of magic regeneration
HPRegen  0.05/turn              (no ring)
MPRegen  0.35/turn              (no ring)

@: brilliant, lethally poisoned (0 -> -4)
A: fangs 2, magic shield, antimagic bite, no potion heal 3, rot immunity
a: no special abilities


You were on level 2 of the Dungeon.
You were not hungry.

You visited 1 branch of the dungeon, and saw 2 of its levels.

You collected 24 gold pieces.

Inventory:

Hand Weapons
 h - a cursed +0 hunting sling
   (You found it on level 1 of the Dungeon)
Missiles
 a - 12 arrows
 f - 23 stones
 g - 3 atropa-tipped darts (quivered)
Armour
 b - a +0 robe (worn)
 k - a +2 pair of gloves (worn)
   (You found it on level 2 of the Dungeon)
Jewellery
 i - an amulet of magic regeneration (around neck)
   (You found it on level 1 of the Dungeon)
Scrolls
 d - a scroll of noise {unknown}
 j - a scroll of amnesia {unknown}
Comestibles
 c - 4 chunks of flesh
 e - 2 rations


   Skills:
 - Level 0.8 Fighting
 - Level 1.5 Dodging
 + Level 3.7 Unarmed Combat
 - Level 2.1 Spellcasting
 + Level 2.9 Transmutations


You had 5 spell levels left.
You knew the following spells:

 Your Spells              Type           Power        Failure   Level  Hunger
a - Beastly Appendage     Tmut           ###...       1%          1    #......

Your spell library contained the following spells:

 Spells                   Type           Power        Failure   Level  Hunger
 Sticks to Snakes         Tmut           ###.....     1%          2    ##.....
 Spider Form              Tmut/Pois      ###.......   3%          3    ###....
 Ice Form                 Ice/Tmut       ###.....     10%         4    #####..
 Blade Hands              Tmut           ###.......   14%         5    ######.


Dungeon Overview and Level Annotations

Branches:
Dungeon (2/15)

Altars:


Innate Abilities, Weirdness & Mutations

You have extremely sharp teeth.
When hurt, damage is shared between your health and your magic reserves.
Your bite disrupts and absorbs the magic of your enemies.
Potions cannot restore your health.
You are immune to rotting.


Message History

The worker ant bites you but does no damage.
You completely miss the worker ant. You claw the worker ant.
The worker ant misses you.
Unknown command.
You hit the worker ant. Your kick misses the worker ant.
The worker ant barely misses you.
You hit the worker ant. Your kick misses the worker ant.
The worker ant bites you.
* * * LOW HITPOINT WARNING * * *
You are lethally poisoned!
The worker ant poisons you!
You barely miss the worker ant. Your kick misses the worker ant.
* * * LOW HITPOINT WARNING * * *
You feel sick.
The worker ant bites you but does no damage.
You hit the worker ant. You bite the worker ant. You drain its power.
You feel invigorated.
* * * LOW HITPOINT WARNING * * *
You feel sick.
The worker ant bites you but does no damage.
The worker ant barely misses you.
It was a potion of brilliance.
You feel clever all of a sudden.
* * * LOW HITPOINT WARNING * * *
You feel sick.
The worker ant bites you but does no damage.
Throwing (i - inventory. (/) - cycle)
g - 3 atropa-tipped darts (quivered)
Aim: a worker ant (almost dead, chance to blind on hit: 75%)
Okay, then.
You barely miss the worker ant. You claw the worker ant.
You kill the worker ant!
You have reached level 3!
Your experience leads to an increase in your attributes!
Your base attributes are Str 12, Int 13, Dex 14.
Increase (S)trength, (I)ntelligence, or (D)exterity?
You feel clever.
* * * LOW HITPOINT WARNING * * *
You feel sick.
Found a stone staircase leading up.
You see here a worker ant corpse.
You butcher the worker ant corpse.
Your talons disappear.
You see here a chunk of flesh.
* * * LOW HITPOINT WARNING * * *
You feel sick.
* * * LOW HITPOINT WARNING * * *
You feel sick.
* * * LOW HITPOINT WARNING * * *
You feel sick.
You die...

.# .# #####.####
##......... ..
##.......## .#
##.@.......# .#
#..........## #.#
#...........## #.#
#..#.........###.###
#...#...#.....รท......
#.#####.#.....##.....
#. ..##.%.##...... ##
.#####.###...).. ..
#.# #.#....


There were no monsters in sight!

Vanquished Creatures
  A worker ant (D:2)
  2 leopard geckos
  A bat (D:2)
  A giant cockroach (D:1)
  A goblin (D:1)
  A frilled lizard (D:2)
  2 kobolds (D:1)
9 creatures vanquished.

Notes
Turn   | Place    | Note
-------+----------+-------------------------------------------
     0 | D:1      | MatthieuS the Vine Stalker Transmuter began the quest for
                  | the Orb.
     0 | D:1      | Reached XP level 1. HP: 9/9 MP: 4/4
   241 | D:1      | You fall into a shaft and drop 1 floor!
   265 | D:2      | Reached XP level 2. HP: 12/14 MP: 6/6
   345 | D:2      | Reached XP level 3. HP: 5/17 MP: 7/7
   354 | D:2      | Succumbed to a worker ant's poison

Levels and vault maps discovered:
D:1:      dpeg_arrival_houses_and_road, layout_basic
D:2:      layout_loops_ring, chequers_ecumenical_altar_simple_redux

Action                   || total
-------------------------++-------
Melee: Unarmed           ||    42
       Bite              ||     5
       Kick              ||     3
Throw: Stone             ||     2
       Dart              ||     3
 Cast: Beastly Appendage ||     2
  Use: Potion            ||     1
 Stab: Invisible         ||     1
Armor: Robe              ||    10
Dodge: Dodged            ||    24

Table legend:
 A = Non-vault XP
 B = Vault XP
 C = Vault XP percentage of total XP
 D = Non-vault monster count
 E = Vault monster count
 F = Vault count percentage of total count
                 A         B        C        D         E       F
            +---------+---------+-------+---------+---------+-------
      Total |      48 |       0 |   0.0 |       9 |       0 |   0.0
            +---------+---------+-------+---------+---------+-------
        D:1 |       9 |       0 |   0.0 |       5 |       0 |   0.0
        D:2 |      39 |       0 |   0.0 |       4 |       0 |   0.0
            +---------+---------+-------+---------+---------+-------
